 Dungeon Crawl Stone Soup version 0.27-a0-1358-ga0a28fc8c3 (webtiles) character file.

Game seed: 11998356034732274646

96 Delamore the Sneak (level 4, -2/31 HPs)
             Began as an Octopode Brigand on June 28, 2021.
             Killed from afar by Robin (7 damage)
             ... with a puff of flame
             ... on level 1 of the Dungeon.
             The game lasted 00:01:57 (2362 turns).

Delamore the Sneak (Octopode Brigand)               Turns: 2362, Time: 00:01:58

Health: -2/31      AC:  1    Str: 10    XL:     4   Next: 67%
Magic:  4/4        EV: 12    Int: 19    God:
Gold:   69         SH:  0    Dex: 14    Spells: 3/3 levels left

rFire    . . .     SeeInvis .   a - +2 dagger
rCold    . . .     Faith    .   (no shield)
rNeg     . . .     Spirit   .   (helmet restricted)
rPois    .         Reflect  .   (no amulet)
rElec    .         Harm     .   g - +6 ring of intelligence
rCorr    .         Rampage  .   (no ring)
Will     .....                  (no ring)
Stlth    ++++......             (no ring)
HPRegen  0.10/turn              (no ring)
MPRegen  0.09/turn              (no ring)
                                (no ring)
                                (no ring)

@: no status effects
A: almost no armour, amphibious, 8 rings, camouflage 1, gelatinous body 1,
(nimble swimmer 1), tentacles
a: no special abilities


You were on level 1 of the Dungeon.
You visited 1 branch of the dungeon, and saw 2 of its levels.

You collected 69 gold pieces.

Inventory:

Hand Weapons
 a - a +2 dagger (weapon)
Missiles
 b - 8 poisoned darts
 c - a curare-tipped dart (quivered)
Jewellery
 g - a +6 ring of intelligence (left tentacle)
Scrolls
 d - a scroll of identify {unknown}
 e - 2 scrolls of fear {unknown}
Potions
 f - a potion of degeneration {unknown}


   Skills:
 + Level 3.1 Fighting
 + Level 3.1 Short Blades
 - Level 2.0 Throwing
 - Level 1.0 Dodging
 + Level 6.4 Stealth


You had 3 spell levels left.
You didn't know any spells.
Your spell library contained the following spells:

 Spells                   Type           Power      Damage    Failure   Level
 Animate Skeleton         Necr           0%         N/A       21%         1
 Pain                     Necr           0%         1d4       21%         1
 Vampiric Draining        Necr           0%         2d6       52%         3
 Animate Dead             Necr           0%         N/A       90%         4
 Agony                    Necr           0%         N/A       99%         5


Dungeon Overview and Level Annotations

Branches:
Dungeon (2/15)

Altars:

Annotations:
D:1 Robin


Innate Abilities, Weirdness & Mutations

You cannot wear most types of armour.
You are amphibious.
You can wear up to eight rings at the same time.
Your skin changes colour to match your surroundings (Stealth+).
Your rubbery body absorbs attacks. (AC +1, EV +1)
((You are camouflaged near water. (Stealth+)))
You have tentacles for arms and can constrict up to eight enemies at once.


Message History

The hobgoblin hits you but does no damage.
The goblin misses you. The goblin hits you with a +0 dagger.
The hobgoblin hits you.
There is a stone staircase leading up, spattered with blood here.
Robin zaps a wand.
The puff of flame misses you. The goblin barely misses you.
The goblin hits you with a +0 dagger. The hobgoblin barely misses you.
You climb upwards.
There is a stone staircase leading down, spattered with blood here.
Robin throws the goblin at you! The goblin misses you.
You see here a +0 dagger.
You closely miss the goblin. Your grab misses the goblin.
You squeeze the goblin.
You kill the goblin!
Robin throws the goblin at you! The goblin closely misses you.
Robin zaps a wand.
The puff of flame misses you. The goblin hits you with a +0 dagger.
You see here a +0 dagger.
The goblin hits you with a +0 dagger.
You hit the goblin.
You kill the goblin!
Robin roars a battlecry!
The hobgoblin goes into a battle-frenzy!
Things that are here:
a +0 dagger; a goblin corpse You hit Robin.
You grab Robin.
Robin is lightly wounded.
You constrict Robin, but do no damage.
Robin zaps a wand.
The puff of flame hits you!
* * * LOW HITPOINT WARNING * * *
You release your grip on Robin.
You aren't carrying any items that you can evoke.
Throw: 2 darts (curare)
Press: ? - help, Q - select action, (/) - cycle Shift-Dir - straight line, f - Robin
Aim: Robin, wielding a +0 mace, wearing a +1 animal skin, wearing a +0 helmet and carrying a wand of flame (10) (lightly wounded, 68% to hit)
You throw a curare-tipped dart. The curare-tipped dart hits Robin.
Robin is poisoned.
Robin convulses.
Robin seems to slow down.
Robin is moderately wounded.
Robin zaps a wand.
The puff of flame hits you!
You die...

............# #.# #..........#..
.#.####..##.# #.# #.#.....#.....
##.####..##.# #.# #.#...........
##.......##.###.# #.#...).#..##.
######....))...## #..........##.
###...>))..# #####.####.##. #
#.#)####g# #####.# #.... ## #.#.#
#g# #.....# ###.. .## ##.#.## #@#
#.##### ##... ..## ##..#..# #.#
#.#.## ##....
...####...##.###.###....####.....
...'..................)....'.....
...####..........###....####.....
..## ##.###.##### #.#.## ##....
.## ####..# #.### ##... ## #.##
#.# ##.. # #.# #.# ##'


You could see Robin (very poisoned, slow) and a hobgoblin (strong).

Vanquished Creatures
  3 gnolls
  An adder (D:1)
  A ball python (D:1)
  3 bats
  3 endoplasms (D:1)
  13 goblins
  3 hobgoblins (D:1)
  11 jackals
  A kobold (D:2)
  2 quokkas (D:1)
  4 frilled lizards
  5 rats
50 creatures vanquished.

Notes
Turn   | Place    | Note
-------+----------+-------------------------------------------
     0 | D:1      | Delamore the Octopode Brigand began the quest for the Orb.
     0 | D:1      | Reached XP level 1. HP: 14/14 MP: 1/1
   289 | D:1      | Found a faded altar of an unknown god.
   297 | D:1      | Reached XP level 2. HP: 17/19 MP: 2/2
   757 | D:1      | Reached XP level 3. HP: 25/25 MP: 3/3
  1324 | D:1      | Reached skill level 6 in Stealth
  1683 | D:2      | Noticed Robin
  1724 | D:1      | Reached XP level 4. HP: 12/30 MP: 4/4
  2362 | D:1      | Killed from afar by Robin

Illustrated notes

Levels and vault maps discovered:
D:1:      amcnicky_arrival_flooded_fountain, layout_loops_corners,
          hellmonk_ecumenical_altar_dog_temple
D:2:      minmay_skewed_foursquare, layout_basic, serial_shops, shop,
          serial_forest, infiniplex_forest_split, infiniplex_forest_straight_1,
          infiniplex_forest_zigzag_1, infiniplex_forest_clump_C,
          infiniplex_forest_clump_large, infiniplex_forest_lined_room_,
          basic_altar, st_stairs_13, hangedman_feature_mirror, uniq_robin

Skill      XL: |  1  2  3  4 |
---------------+-------------+-----
Stealth        | 6 |  6.4
Fighting       | 3 |  3.1
Short Blades   | 3 |  3.1
Throwing       | |  2.0
Dodging        | |  1.0

Action                   |  1- 3 |  4- 6 || total
-------------------------+-------+-------++-------
Melee: Dagger            |    77 |    21 ||    98
       Tentacles         |    11 |     3 ||    14
       Constrict         |    20 |     6 ||    26
Throw: Dart              |       |     1 ||     1
 Stab: Sleeping          |    11 |       ||    11
Armor: Skin              |     8 |     3 ||    11
Dodge: Dodged            |    47 |    17 ||    64

Table legend: (Time is in decaauts)
 A = Elapsed time spent in this place.
 B = Non-inter-level travel time spent in this place.
 C = Inter-level travel time spent in this place.
 D = Time resting spent in this place.
 E = Time spent auto-exploring this place.
 F = Levels seen in this place.
 G = Mean time per level.
                   A        B        C        D        E       F      G
               +--------+--------+--------+--------+--------+-----+--------+
         Total |   2353 |   2320 |     33 |    870 |   1135 |   2 | 1176.5 |
       Dungeon |   2353 |   2320 |     33 |    870 |   1135 |   2 | 1176.5 |
               +--------+--------+--------+--------+--------+-----+--------+

Top non-repeatable levels by time:
     D:1: 1965 daAuts
     D:2: 387 daAuts
